 Dungeon Sprint DCSS version 0.30-a0-1043-g60ff8d5f49 (webtiles) character file.

Game seed: 994108133400458672

1200000 Danienth the Pyromancer (level 11, -5/74 HPs)
             Began as a Pale Draconian Fire Elementalist on Apr 10, 2023.
             Was an Initiate of Makhleb.
             Slain by a bag of meat
             ... wielding a +9 war axe
              (15 damage)
             ... in the Dungeon (Sprint VIII: "Arena of Blood").
             The game lasted 00:00:45 (12 turns).

Danienth the Pyromancer (DrFE)                        Turns: 12, Time: 00:00:46

Health: -5/74      AC:  7    Str: 10    XL:     11   Next: 78%
Magic:  4/27       EV: 18    Int: 16    God:    Makhleb [......]
Gold:   0          SH:  0    Dex: 16    Spells: 34/35 levels left

rFire   . . .      SeeInvis .    g - +∞ Axe of Woe
rCold   . . .      Faith    .    (shield currently unavailable)
rNeg    . . .      Spirit   .    (body armour unavailable)
rPois   .          Reflect  .    (helmet restricted)
rElec   .          Rampage  .    (no cloak)
rCorr   .          NoTele   +    (no gloves)
Will    .....                    (no boots)
Stlth   ++++                     (no amulet)
HPRegen 0.32/turn                (no ring)
MPRegen 0.20/turn                (no ring)

@: no status effects
A: breathe steam, AC +7, unfitting armour, cold-blooded, steam resistance
a: Breathe Steam, Renounce Religion


You were in the Dungeon.
You worshipped Makhleb.
Makhleb was noncommittal.
You visited 1 branch

Inventory:

Hand Weapons
 g - the +∞ Axe of Woe (weapon)
   (You found it in the Dungeon)
Scrolls
 f - a scroll of blinking
Potions
 a - 3 potions of magic
 b - a potion of curing
 c - a potion of heal wounds
 d - a potion of haste
 e - a potion of berserk rage


   Skills:
 + Level 10.4 Dodging
 + Level 9.5 Stealth
 + Level 12.7 Spellcasting
 + Level 4.3 Conjurations
 + Level 23.7 Fire Magic


You had 34 spell levels left.
You knew the following spells:

 Your Spells              Type           Power      Damage    Failure   Level
a - Foxfire               Conj/Fire      100%       2x1d9     1%          1

Your spell library contained the following spells:

 Spells                   Type           Power      Damage    Failure   Level
 Scorch                   Fire           100%       2d9       0%          2
 Inner Flame              Hex/Fire       48%        N/A       1%          3
 Volatile Blastmotes      Fire/Tloc      96%        2d18      1%          3
 Flame Wave               Conj/Fire      53%        2d13      1%          4


Dungeon Overview and Level Annotations

Branches:
Dungeon (1/1)

Altars:
Makhleb


Innate Abilities, Weirdness & Mutations

You can breathe blasts of scalding, opaque steam.
Your pale cyan-grey scales are hard. (AC +7)
You cannot fit into any form of body armour.
You are cold-blooded and may be slowed by cold attacks.
You are immune to the effects of steam.


Message History

You have reached level 4!
You feel clever.
You have reached level 5!
You have reached level 6!
Your scales feel tougher.
You have reached level 7!
Your scales start taking on a pale cyan-grey colour.
You learn Fire Magic quicker.
Your Fire Magic skill increases to level 23!
You learn Air Magic quicker.
You learn Evocations quicker.
You can breathe blasts of scalding, opaque steam.
You are now immune to the effects of steam.
You have reached level 8!
You feel agile.
You have reached level 9!
Your experience leads to an increase in your attributes!
Increase (S)trength, (I)ntelligence, or (D)exterity?
You feel agile. x2; Your scales feel tougher.
You have reached level 10!
You have reached level 11!
Unknown command.
Press < or > to pray at altars.
You hear a shout! x10
You hear a shout! x8
There are no items here.
There are no items here.
You hear a shout! x8
The meat berserker misses you.
The bag of meat hits you with a +9 war axe!!
You hear a shout!
You hear a shout! x5
The meat berserker hits you with a +9 battleaxe!!
* * * LOW HITPOINT WARNING * * *
The bag of meat hits you with a +9 war axe.
* * * LOW HITPOINT WARNING * * *
You hear a shout! x4
You hear a shout! x9
The meat berserker barely misses you.
The bag of meat hits you with a +9 war axe!
You die...

..... .. #...
.# . #... ..#
..###... ..###.
......###......
....._......
#.....# #@O<._#
#o....#
....._......
......###......
..###... ..###.
. #... ..# #...
.# ..... ..


You could see a meat berserker (berserk) and a bag of meat.

Vanquished Creatures
  An ogre (D)
1 creature vanquished.

Notes
Turn   | Place    | Note
-------+----------+-------------------------------------------
     0 | D        | Found the +∞ Axe of Woe
     0 | D        | Danienth the Draconian Fire Elementalist began the quest
                  | for the Orb.
     0 | D        | Reached XP level 1. HP: 14/14 MP: 3/3
     1 | D        | Noticed a meat berserker
     3 | D        | Became a worshipper of Makhleb the Destroyer
     6 | D        | Noticed a meat berserker
     7 | D        | Killed a meat berserker
     7 | D        | Noticed a bag of meat
     8 | D        | Reached skill level 10 in Dodging
     8 | D        | Reached skill level 22 in Fire Magic
     8 | D        | Reached XP level 2. HP: 20/20 MP: 3/15
     8 | D        | Reached XP level 3. HP: 26/26 MP: 3/17
     8 | D        | Reached XP level 4. HP: 33/33 MP: 3/18
     8 | D        | Reached XP level 5. HP: 38/38 MP: 3/20
     8 | D        | Reached XP level 6. HP: 45/45 MP: 3/21
     8 | D        | Your scales start taking on a pale cyan-grey colour.
     8 | D        | Reached skill level 23 in Fire Magic
     8 | D        | Reached XP level 7. HP: 50/50 MP: 3/23
     8 | D        | Gained mutation: You are immune to the effects of steam.
                  | [Pale Draconian growth]
     8 | D        | Reached XP level 8. HP: 57/57 MP: 3/24
     8 | D        | Reached XP level 9. HP: 62/62 MP: 3/25
     8 | D        | Reached XP level 10. HP: 69/69 MP: 3/26
     8 | D        | Reached XP level 11. HP: 74/74 MP: 3/27
    12 | D        | Slain by a bag of meat

Illustrated notes

Levels and vault maps discovered:
D:        meatsprint

Skill      XL: |  1  2  3  4  5  6 |
---------------+-------------------+-----
Dodging        | 10 | 10.4
Stealth        | 9 |  9.5
Spellcasting   | 12 | 12.7
Conjurations   | 4 |  4.3
Fire Magic     | 22 23 | 23.7

Action                     |  1- 3 |  4- 6 |  7- 9 | 10-12 || total
---------------------------+-------+-------+-------+-------++-------
  Melee: Executioner's axe |     1 |       |       |       ||     1
  Dodge: Dodged            |       |       |       |     2 ||     2

Table legend: (Time is in decaauts)
 A = Elapsed time spent in this place.
 B = Non-inter-level travel time spent in this place.
 C = Inter-level travel time spent in this place.
 D = Time resting spent in this place.
 E = Time spent auto-exploring this place.
 F = Levels seen in this place.
 G = Mean time per level.
                   A        B        C        D        E       F      G
               +--------+--------+--------+--------+--------+-----+--------+
         Total |     12 |     12 |      0 |      0 |      0 |   1 |   12.0 |
       Dungeon |     12 |     12 |      0 |      0 |      0 |   1 |   12.0 |
               +--------+--------+--------+--------+--------+-----+--------+

Top non-repeatable levels by time:
       D: 12 daAuts
